 Dungeon Crawl Stone Soup version 0.27.0-1-g7a089689b8 (webtiles) character file.

Game seed: 8185995137381060127

573250 Lochraine the Impregnable (level 27, -9/164 HPs)
             Began as a Gargoyle Earth Elementalist on Aug 8, 2021.
             Was the Champion of Hepliaklqana.
             Killed from afar by a quicksilver dragon (35 damage)
             ... with a bolt of dispelling energy
             ... on level 5 of the Realm of Zot.
             The game lasted 04:23:47 (55303 turns).

Lochraine the Impregnable (GrEE)                   Turns: 55303, Time: 04:23:48

Health: -9/164     AC: 52    Str: 19    XL:     27
Magic:  33/36      EV: 11    Int: 28    God:    Hepliaklqana [******]
Gold:   6696       SH: 16    Dex:  8    Spells: 30/45 levels left

rFire    + + .     SeeInvis .   a - +12 scimitar of the Sky {vamp, Stlth+}
rCold    + + +     Faith    .   w - +3 kite shield
rNeg     + + +     Spirit   .   o - +2 gold dragon scales
rPois    ∞         Reflect  .   L - -2 hat of the Alchemist {rElec rPois rF+ rC+ rN+ Will+ rMut rCorr}
rElec    +         Harm     .   u - scarf {repulsion}
rCorr    +         Rampage  .   v - +1 pair of gloves of the New World {rC+ rCorr Dex+2}
rMut     +                      W - +2 pair of boots
Will     +++++                  J - amulet of regeneration
Stlth    ..........             n - ring "Pizurph" {rN+ Will++ Int+6 Dex-4}
HPRegen  1.37/turn              e - +4 ring of evasion
MPRegen  0.25/turn

@: flying, repel missiles
A: reduced essence, sickness immunity, AC +20, big wings, negative energy
resistance 1, electricity resistance, torment resistance 1, petrification
resistance
}: 3/15 runes: decaying, silver, gossamer
a: Renounce Religion, Recall Ancestor, Ancestor Identity, Transference, Idealise


You were on level 5 of the Realm of Zot.
You worshipped Hepliaklqana.
Hepliaklqana was exalted by your worship.
You visited 9 branches of the dungeon, and saw 49 of its levels.
You visited the Abyss 3 times.

You collected 7198 gold pieces.
You spent 502 gold pieces at shops.

Inventory:

Hand Weapons
 a - the +12 scimitar of the Sky (weapon) {vamp, Stlth+}
   (You found it on level 11 of the Dungeon)

   It occasionally heals its wielder for a portion of the damage dealt when it
   wounds a living foe.
   Stlth:     It makes you more stealthy.
 b - the +7 rapier of the Shimmering Bear {antimagic, rElec}
   (You found it on level 3 of the Crypt)

   It reduces the magical energy of the wielder, and disrupts the spells and
   magical abilities of those it strikes.
   Natural abilities and divine invocations are not affected.
   rElec:     It insulates you from electricity.
Missiles
 H - 2 throwing nets {!f}
Armour
 o - +2 gold dragon scales (worn)
   (You found it on level 2 of the Depths)
 u - a scarf of repulsion (worn)
   (You acquired it on level 14 of the Dungeon)
 v - the +1 pair of gloves of the New World (worn) {rC+ rCorr Dex+2}
   (You found it on level 2 of the Lair of Beasts)

   Dex:       It affects your dexterity (+2).
   rC:        It protects you from cold.
   rCorr:     It protects you from acid and corrosion.
 w - a +3 kite shield (worn)
   (You found it on level 5 of the Dungeon)
 D - a +2 cloak of preservation
   (You took it off a draconian knight on level 3 of the Realm of Zot)
 L - the -2 hat of the Alchemist (worn) {rElec rPois rF+ rC+ rN+ Will+ rMut rCorr}
   (You found it on level 3 of the Crypt)

   rF:        It protects you from fire.
   rC:        It protects you from cold.
   rElec:     It insulates you from electricity.
   rPois:     It protects you from poison.
   rN:        It protects you from negative energy.
   rCorr:     It protects you from acid and corrosion.
   rMut:      It protects you from mutation.
   Will:      It increases your willpower.
 W - a +2 pair of boots (worn)
   (You found it on level 15 of the Dungeon)
Jewellery
 e - a +4 ring of evasion (right hand)
   (You found it on level 6 of the Dungeon)
 l - the ring "Upaod" {rPois Will+++ Int+2 Dex+2 Stlth-}
   (You found it on level 3 of the Vaults)

   [ring of poison resistance]

   Int:       It affects your intelligence (+2).
   Dex:       It affects your dexterity (+2).
   rPois:     It protects you from poison.
   Will:      It greatly increases your willpower.
   Stlth:     It makes you less stealthy.
 n - the ring "Pizurph" (left hand) {rN+ Will++ Int+6 Dex-4}
   (You found it on level 3 of the Crypt)

   [ring of positive energy]

   Int:       It affects your intelligence (+6).
   Dex:       It affects your dexterity (-4).
   rN:        It protects you from negative energy.
   Will:      It greatly increases your willpower.
 q - the ring "Ikacieh" {rN+ Int+6}
   (You found it on level 3 of the Crypt)

   [ring of positive energy]

   Int:       It affects your intelligence (+6).
   rN:        It protects you from negative energy.
 y - a ring of protection from fire
   (You found it on level 6 of the Dungeon)
 A - the amulet "Caykim" {Faith rPois Str+7 Dex-2 Stlth+}
   (You acquired it on level 1 of the Realm of Zot)

   [amulet of faith]

   It allows you to gain divine favour quickly.
   Str:       It affects your strength (+7).
   Dex:       It affects your dexterity (-2).
   rPois:     It protects you from poison.
   Stlth:     It makes you more stealthy.
 E - the ring of Vosuluf {rN+ Will+ rCorr Int+3 Dex-2}
   (You took it off a vault guard on level 5 of the Vaults)

   [ring of positive energy]

   Int:       It affects your intelligence (+3).
   Dex:       It affects your dexterity (-2).
   rN:        It protects you from negative energy.
   rCorr:     It protects you from acid and corrosion.
   Will:      It increases your willpower.
 J - an amulet of regeneration (around neck)
   (You found it on level 6 of the Lair of Beasts)
 Q - a ring of magical power
   (You found it on level 10 of the Dungeon)
 T - a ring of protection from cold
   (You found it on level 15 of the Dungeon)
Wands
 f - a wand of polymorph (40)
   (You found it on level 5 of the Lair of Beasts)
 h - a wand of mindburst (22)
   (You found it on level 14 of the Dungeon)
 s - a wand of acid (28)
   (You found it on level 4 of the Dungeon)
 t - a wand of flame (16)
   (You found it on level 4 of the Realm of Zot)
 C - a wand of digging (9)
   (You found it on level 5 of the Lair of Beasts)
 O - a wand of paralysis (15)
   (You found it on level 10 of the Dungeon)
 S - a wand of iceblast (44)
   (You found it on level 11 of the Dungeon)
Scrolls
 c - 2 scrolls of summoning
 d - 6 scrolls of immolation {!r}
 g - 28 scrolls of identify {@r1}
 j - 4 scrolls of brand weapon
 r - 8 scrolls of teleportation {@r4}
 z - 7 scrolls of vulnerability {!r}
 B - 2 scrolls of blinking
 M - 6 scrolls of fog
 R - 3 scrolls of fear
 U - 2 scrolls of silence
 Y - 6 scrolls of enchant weapon
Potions
 i - 20 potions of curing {@q1}
 k - 9 potions of magic
 m - 5 potions of ambrosia
 p - 4 potions of attraction {!q}
 x - 11 potions of lignification {!q}
 F - a potion of heal wounds {@q2}
 G - 4 potions of brilliance
 I - 3 potions of berserk rage
 K - a potion of might
 N - 9 potions of cancellation
 P - 7 potions of mutation {!q}
 V - 3 potions of resistance
 X - a potion of haste {@q3}
Miscellaneous
 Z - a phantom mirror
   (You found it on level 2 of the Abyss)


   Skills:
 + Level 21.5 Fighting
 - Level 0.2(13.1) Short Blades
 - Level 19.3 Long Blades
 * Level 22.9 Armour
 - Level 8.7 Dodging
 - Level 2.6 Stealth
 - Level 15.0 Shields
 - Level 9.8 Spellcasting
 - Level 12.5 Conjurations
 - Level 2.0 Transmutations
 - Level 8.4 Fire Magic
 - Level 4.4 Air Magic
 - Level 13.0 Earth Magic
 - Level 5.4 Poison Magic
 - Level 12.0 Invocations
 + Level 10.4 Evocations


You had 30 spell levels left.
You knew the following spells:

 Your Spells              Type           Power      Damage    Failure   Level
a - Stone Arrow           Conj/Erth      100%       3d13      1%          3
b - Sandblast             Erth           100%       2d20      1%          1
c - Mephitic Cloud        Conj/Pois/Air  54%        N/A       12%         3
d - Bolt of Magma         Conj/Fire/Erth 33%        4d15      22%         5
s - Swiftness             Air            38%        N/A       38%         3

Your spell library contained the following spells:

 Spells                   Type           Power      Damage    Failure   Level
 Shock                    Conj/Air       100%       1d9       2%          1
 Conjure Flame            Conj/Fire      64%        6-21      3%          3
 Static Discharge         Conj/Air       57%        N/A       4%          2
 Passwall                 Tmut/Erth      45%        N/A       6%          2
 Sticky Flame             Conj/Fire      64%        2d8       12%         4
 Poisonous Vapours        Pois/Air       82%        N/A       17%         2
 Sting                    Tmut/Pois      100%       1d8       19%         1
 Dazzling Flash           Conj/Hex       96%        N/A       21%         3
 Ignite Poison            Fire/Tmut/Pois 43%        N/A       28%         3
 Petrify                  Tmut/Erth      54%        N/A       36%         4
 Corpse Rot               Necr/Air       N/A        N/A       45%         2
 Leda's Liquefaction      Hex/Erth       25%        N/A       52%         4
 Hailstorm                Conj/Ice       48%        3d11      54%         4
 Iskenderun's Mystic Bla  Conj/Tloc      48%        2d11      54%         4
 Animate Skeleton         Necr           26%        N/A       65%         1
 Freeze                   Ice            52%        1d7       65%         1
 Pain                     Necr           52%        1d6       65%         1
 Irradiate                Conj/Tmut      26%        3d22      77%         5
 Slow                     Hex            13%        N/A       78%         2
 Airstrike                Air            19%        N/A       80%         4
 Borgnjor's Vile Clutch   Necr/Erth      25%        N/A       86%         5
 Freezing Cloud           Conj/Ice/Air   22%        6-21      93%         5
 Call Canine Familiar     Summ           13%        N/A       95%         3
 Confusing Touch          Hex            13%        N/A       95%         3
 Frozen Ramparts          Ice            26%        1d4       95%         3
 Ozocubu's Armour         Ice            13%        N/A       95%         3
 Portal Projectile        Hex/Tloc       26%        N/A       95%         3
 Summon Guardian Golem    Hex/Summ       13%        N/A       95%         3
 Ice Form                 Ice/Tmut       19%        N/A       99%         4
 Conjure Ball Lightning   Conj/Air       28%        3x3d8     99%         6
 Orb of Destruction       Conj           35%        9d13      99%         7
 Animate Dead             Necr           6%         N/A       100%        4
 Cause Fear               Hex            6%         N/A       100%        4
 Dispel Undead            Necr           13%        3d9       100%        4
 Summon Ice Beast         Ice/Summ       13%        N/A       100%        4
 Agony                    Necr           13%        N/A       100%        5
 Blade Hands              Tmut           12%        N/A       100%        5
 Excruciating Wounds      Necr           6%         N/A       100%        5
 Metabolic Englaciation   Hex/Ice        6%         N/A       100%        5
 Silence                  Hex/Air        13%        N/A       100%        5
 Yara's Violent Unravell  Hex/Tmut       9%         3d6       100%        5
 Death Channel            Necr           6%         N/A       100%        6
 Simulacrum               Ice/Necr       6%         N/A       100%        6
 Dragon Form              Tmut           12%        N/A       100%        7
 Haunt                    Necr/Summ      6%         N/A       100%        7
 Spellforged Servitor     Conj/Summ      24%        N/A       100%        7
 Borgnjor's Revivificati  Necr           6%         N/A       100%        8
 Discord                  Hex            6%         N/A       100%        8
 Disjunction              Tloc           6%         N/A       100%        8
 Infestation              Necr           6%         N/A       100%        8
 Necromutation            Tmut/Necr      9%         N/A       100%        8
 Chain Lightning          Conj/Air       28%        3d38      100%        9
 Death's Door             Necr           6%         N/A       100%        9
 Dragon's Call            Summ           6%         N/A       100%        9
 Fire Storm               Conj/Fire      32%        8d8       100%        9
 Shatter                  Erth           36%        3d29*     100%        9
 Sublimation of Blood     Necr           Unusable   N/A       N/A         2
 Statue Form              Tmut/Erth      Unusable   N/A       N/A         6

Dungeon Overview and Level Annotations

Branches:
Dungeon (15/15)            Temple (0/1) D:5            Lair (6/6) D:11
  Swamp (4/4) Lair:4       Spider (4/4) Lair:2        Slime (0/5) Lair:5
    Orc (2/2) D:9             Elf (0/3) Orc:2        Vaults (5/5) D:13
  Crypt (3/3) Vaults:2       Tomb (0/3) Crypt:3      Depths (5/5) D:15
    Zot (5/5) Depths:5

Altars:
Ashenzari
Gozag
Hepliaklqana
Kikubaaqudgha
Makhleb
Okawaru
Qazlal
Ru
Trog
Vehumet
Xom

Shops:
D:4 =   D:9 [   D:15 :*   Orc:1 (   Orc:2 ([*:   Vaults:1 ?   Vaults:4 =
Depths:1 =::   Depths:3 [

Portals:
Hell: Depths:1 Depths:2 Depths:3 Depths:4 Depths:5
Abyss: Depths:1 Depths:2 Depths:4
Pandemonium: Depths:1 Depths:3 Depths:4
Ziggurat: Depths:3

Annotations:
D:4 exclusion: black bear
D:11 1 runed translucent door, exclusion: hydra
D:14 Roxanne
Spider:4 2 transporters, Arachne; Beorghan's ghost, adept MiBe
Vaults:4 2 transporters
Zot:3 1 exclusion
Zot:5 1 exclusion


Innate Abilities, Weirdness & Mutations

Your life essence is reduced to manifest your ancestor. (-10% HP)
You are immune to sickness and miasma.
Your stone body is resilient. (AC +20)
You are immune to poison.
Your large and strong wings let you fly.
You resist negative energy. (rN+)
You are resistant to electric shocks. (rElec)
You are resistant to unholy torment.
You are immune to petrification.


Message History

Your tentacled monstrosity tentacle-slaps the electric golem.
Your tentacled monstrosity barely misses the electric golem.
Your tentacled monstrosity tentacle-slaps the electric golem.
Unknown command.
Unknown command.
The electric golem hits your tentacled monstrosity.
The electric golem shocks your tentacled monstrosity.
Your tentacled monstrosity resists.
The electric golem hits your tentacled monstrosity!
The electric golem shocks your tentacled monstrosity.
Your tentacled monstrosity resists.
The electric golem hits your tentacled monstrosity but does no damage. x2
Your golden dragon rages.
The quicksilver dragon bites your moth of wrath!!
Your moth of wrath dies!
Your moth of wrath's corpse dissolves into shadows!
The electric golem hits your tentacled monstrosity.
The electric golem shocks your tentacled monstrosity.
Your tentacled monstrosity resists.
The electric golem hits your tentacled monstrosity!
The electric golem shocks your tentacled monstrosity.
Your tentacled monstrosity resists.
The electric golem hits your tentacled monstrosity!
The electric golem hits your tentacled monstrosity.
Your tentacled monstrosity barely misses the electric golem.
Your tentacled monstrosity misses the electric golem.
Your tentacled monstrosity tentacle-slaps the electric golem!
Okay, then.
Unknown command.
Unknown command.
Unknown command.
Unknown command.
Aim: a quicksilver dragon (catching its breath, 63% to hit)
The stone arrow hits the quicksilver dragon!!
An Orb Guardian comes into view.
Your golden dragon bites the electric golem!
Your golden dragon claws the electric golem but does no damage.
Your golden dragon tramples the electric golem but does no damage.
The electric golem hits your tentacled monstrosity.
The electric golem shocks your tentacled monstrosity.
Your tentacled monstrosity resists.
The electric golem hits your tentacled monstrosity.
Your tentacled monstrosity dies!
Your golden dragon bites the electric golem!!
Your golden dragon claws the electric golem!!
Your golden dragon tramples the electric golem!!
The electric golem stumbles backwards!
The quicksilver dragon breathes dispelling energy at you.
The bolt of dispelling energy hits you!!
You die...

###+## ...
###...#.#.
#.#####.#.#.
#.......#.#.
......[...#.
######
######.#####
......# ...
.......##
.../.
........##
.......
.....).D@#
#......
.........#
#..X...
.........#
#......
....8D...#
.........#
.........#
......^X##
.......##


You could see an electric golem (ally target), a quicksilver dragon (catching
breath), an Orb Guardian and a friendly golden dragon (summoned, berserk).

Vanquished Creatures
  2 ancient liches
  2 juggernauts
  A Killer Klown (Zot:4)
  Bai Suzhen (Depths:1)
  A curse toe (Zot:4)
  Xtahua (Crypt:2)
  Saint Roka (Vaults:1)
  5 caustic shrikes
  6 golden dragons
  the Enchantress (Depths:4)
  A bone dragon (Crypt:3)
  Jory (Vaults:3)
  The ghost of ABBCCCDDDD the End of an Era, an adept DsGl of Qazlal (Depths:2)
  An electric golem (Zot:3)
  Rupert (D:12)
  9 tentacled monstrosities
  7 liches
  2 Orb Guardians (Zot:5)
  6 quicksilver dragons
  3 titans
  4 sphinxes
  A tentacled starspawn (Abyss:2)
  2 ancient champions
  Gastronok (Lair:3)
  6 death cobs
  4 storm dragons
  4 revenants
  8 shadow dragons
  9 tengu reavers
  3 draconian monks
  A deep elf sorcerer (Vaults:5)
  8 fire giants
  12 frost giants
  A draconian knight (Depths:5)
  Louise (D:14)
  8 vault wardens
  3 orc warlords
  A balrug (Depths:1)
  2 iron dragons
  4 draconian shifters
  10 ghost moths
  6 ghouls
  2 emperor scorpions (Spider:4)
  4 draconian stormcallers
  2 curse skulls
  5 draconian scorchers
  A draconian annihilator (Zot:3)
  7 spriggan defenders
  9 ironbound preservers
  3 war gargoyles
  28 very ugly things
  A reaper (Depths:3)
  18 stone giants
  A deep elf demonologist (Vaults:5)
  A lorocyproca (Abyss:2)
  6 green draconians
  5 black draconians
  A deep elf annihilator (Vaults:5)
  7 vampire knights
  9 white draconians
  3 dire elephants
  4 yellow draconians
  3 bunyips
  An entropy weaver (shapeshifter) (Depths:3)
  5 entropy weavers
  4 red draconians
  8 purple draconians
  An eidolon (Crypt:1)
  The ghost of EnegeticOcto the Cleaver, a journeyman MiFi of Okawaru (D:12)
  7 spark wasps
  3 crystal guardians (Depths:2)
  2 eleionomae
  Snorg (D:14)
  10 ettins
  2 deep elf death magi
  21 jiangshi
  5 fire dragons
  10 great orbs of eyes
  A quicksilver dragon zombie (Crypt:1)
  Harold (D:8)
  Erolcha (D:12)
  6 yaktaur captains
  3 deep elf high priests
  A spectral shadow dragon (Crypt:3)
  6 rakshasas
  19 vault guards
  7 spriggan air magi
  7 boulder beetles
  5 ironbound thunderhulks
  An ogre mage (D:15)
  9 ice dragons
  A catoblepas (D:14)
  17 hydras
  3 alligators
  A monstrous demonspawn (Depths:3)
  Erica (Lair:1)
  An ironbound frostheart (Vaults:5)
  A dancing weapon (D:11)
  14 two-headed ogres
  7 deep troll shamans
  7 tengu warriors
  3 death knights (Crypt:3)
  9 vampire magi
  4 orc high priests (Orc:2)
  3 ironbound beastmasters
  A soul eater (Crypt:2)
  9 deep troll earth magi
  7 spriggan berserkers
  2 thrashing horrors (Abyss:2)
  A sun demon (Abyss:2)
  7 iron trolls
  Sonja (D:13)
  3 hell knights
  28 skeletal warriors
  4 shadow wraiths
  A golden dragon zombie (Crypt:3)
  4 goliath frogs
  12 swamp dragons
  6 glowing orange brains
  36 deep trolls
  11 flayed ghosts
  4 starcursed masses (Abyss:2)
  A torturous demonspawn (Depths:3)
  2 spriggan druids
  11 orb spiders
  12 wizards
  A lindwurm (shapeshifter) (D:15)
  9 orc knights
  8 harpies
  A deep elf pyromancer (D:13)
  14 phantasmal warriors
  3 necromancers
  An iron dragon zombie (Crypt:3)
  8 ironbound convokers
  A goliath frog zombie (Crypt:1)
  2 orc sorcerers (Orc:2)
  5 cyclopes
  16 slime creatures
  3 human zombies (Vaults:1)
  A manticore (shapeshifter) (Depths:5)
  41 ugly things
  An oklob plant (D:11)
  21 wolf spiders
  A worldbinder (Abyss:2)
  10 moths of wrath
  A moth of wrath (shapeshifter) (Depths:5)
  2 will-o-the-wisps (Swamp:4)
  7 black mambas
  5 large abominations (Abyss:2)
  2 torpor snails
  17 cane toads
  2 eyes of devastation (shapeshifter)
  A naga mage (D:15)
  10 vault sentinels
  16 elephants
  A smoke demon (Abyss:2)
  5 unseen horrors
  3 rime drakes
  2 centaur skeletons (D:15)
  A catoblepas zombie (Crypt:2)
  An ice devil (Depths:1)
  13 demonic crawlers
  An efreet (D:8)
  9 freezing wraiths
  A tengu conjurer (Depths:2)
  5 ancient zymes (Abyss:2)
  An elf skeleton (Vaults:1)
  7 komodo dragons
  A yellow draconian skeleton (Crypt:2)
  19 yaktaurs
  2 guardian mummies (Crypt:1)
  A bloated husk (Swamp:2)
  2 tyrant leeches
  32 jumping spiders
  5 polar bears
  8 trolls
  25 hornets
  Prince Ribbit (D:6)
  A troll (shapeshifter) (D:13)
  A raiju (Abyss:2)
  10 blink frogs
  A raiju (shapeshifter) (Depths:5)
  A slime creature (shapeshifter) (Depths:5)
  2 dream sheep (Lair:6)
  A snapping turtle (Swamp:4)
  2 centaur simulacra
  44 flying skulls (Crypt:3)
  2 redbacks (shapeshifter)
  23 spriggans
  An alligator skeleton (Crypt:2)
  A shadow (Crypt:3)
  7 wyverns
  37 redbacks
  A water elemental (D:13)
  5 wraiths
  40 yaks
  6 ynoxinuls
  22 tarantellas
  A golden eye (shapeshifter) (Depths:4)
  A hog (shapeshifter) (D:15)
  A chaos spawn (Depths:1)
  A human (shapeshifter) (D:15)
  A hog (D:13)
  Eustachio (D:6)
  A neqoxec (Abyss:2)
  A steam dragon (Lair:4)
  11 vampire mosquitoes
  15 swamp worms
  A basilisk (Lair:6)
  4 wargs
  An acid dragon (D:13)
  10 water moccasins
  4 floating eyes
  An infernal demonspawn skeleton (Crypt:1)
  7 swamp drakes
  4 black bears
  25 orc warriors
  6 necrophages
  An ogre (shapeshifter) (Depths:4)
  An ice beast (D:5)
  8 ogres
  A blink frog zombie (Crypt:1)
  A tengu (shapeshifter) (Depths:3)
  A hog zombie (Crypt:2)
  14 wolves (Lair:6)
  3 boggarts (Lair:6)
  10 centaurs
  2 phantoms
  2 kobold brigands
  An octopode zombie (Crypt:2)
  A gnoll sergeant (D:6)
  An elf zombie (Crypt:1)
  8 bullfrogs
  2 wyvern zombies (D:6)
  3 scorpions
  9 hexers
  8 small abominations
  2 water moccasin skeletons (D:5)
  3 wights (D:9)
  A raiju zombie (Crypt:2)
  7 electric eels
  3 killer bees (D:8)
  4 howler monkeys
  A crimson imp (D:12)
  4 centaur zombies
  2 quasits (Abyss:2)
  A gnoll shaman (D:3)
  A jelly (shapeshifter) (Vaults:5)
  13 jellies (Lair:5)
  33 orc priests
  A hound (D:5)
  An iguana (Lair:4)
  An iron imp (Abyss:2)
  21 orc wizards
  7 hell rats (Lair:5)
  2 human skeletons (Crypt:1)
  A felid zombie (Crypt:1)
  An acid dragon skeleton (Crypt:1)
  6 mummies (Crypt:1)
  A howler monkey zombie (D:8)
  5 adders
  7 gnolls
  2 howler monkey skeletons
  A shadow imp (D:5)
  4 white imps
  3 ufetubi
  A halfling zombie (Crypt:1)
  An iguana zombie (Crypt:1)
  An adder skeleton (D:4)
  A worm (D:2)
  A dart slug (D:2)
  55 orcs
  An orc (shapeshifter) (Vaults:4)
  8 endoplasms
  3 giant cockroaches
  8 goblins
  7 hobgoblins
  7 jackals
  11 kobolds
  7 quokkas
  3 ball pythons
  4 bats
  5 frilled lizards
  A jackal skeleton (D:4)
  A quokka zombie (Crypt:2)
  13 rats
  A rat skeleton (Crypt:2)
  2 starspawn tentacles (Abyss:2)
1674 creatures vanquished.

Vanquished Creatures (collateral kills)
  A juggernaut (Depths:5)
  the Lernaean hydra (Swamp:4)
  A profane servitor (Crypt:3)
  3 golden dragons
  3 tentacled monstrosities
  A quicksilver dragon (Zot:2)
  An ancient champion (Crypt:2)
  A tentacled starspawn (Abyss:2)
  Kirke (D:13)
  A revenant (Vaults:2)
  3 vault wardens
  2 fire giants
  A draconian knight (Zot:3)
  A ghost moth (Zot:2)
  An iron dragon (Vaults:5)
  2 frost giants
  A ghoul (Swamp:2)
  A curse skull (Crypt:1)
  2 draconian stormcallers (Zot:2)
  A draconian scorcher (Zot:3)
  2 spriggan defenders (Depths:5)
  A stone giant (Depths:3)
  A vampire knight (Crypt:1)
  4 very ugly things
  A purple draconian (Zot:1)
  A deep elf demonologist (Vaults:3)
  2 spark wasps (Spider:4)
  2 dire elephants
  A red draconian (Zot:1)
  A deep elf death mage (Vaults:5)
  An eidolon (Crypt:2)
  2 ettins
  An eleionoma (Swamp:2)
  A crystal guardian (Depths:2)
  A shambling mangrove (Swamp:1)
  A jiangshi (Crypt:3)
  3 fire dragons
  2 yaktaur captains
  A deep elf high priest (Vaults:5)
  3 hydras (Swamp:4)
  A great orb of eyes (Vaults:4)
  An ice dragon (Depths:1)
  The ghost of Yklotitu the Markscentaur, a journeyman CeHu of Okawaru (D:12)
  An ironbound frostheart (Vaults:3)
  2 boulder beetles
  3 vault guards (Vaults:5)
  A rakshasa (Depths:2)
  The ghost of Skimidon the Fighter, a journeyman GrFi of Okawaru (D:11)
  2 alligators
  A two-headed ogre (D:10)
  A vampire mage (Crypt:2)
  A thrashing horror (Abyss:2)
  A tengu warrior (Depths:2)
  A hell knight (D:11)
  A sixfirhy (Depths:1)
  2 iron trolls
  3 skeletal warriors
  5 deep trolls
  3 swamp dragons
  An infernal demonspawn (Depths:3)
  A flayed ghost (Crypt:3)
  A spriggan druid (Swamp:2)
  4 wizards
  An orange crystal statue (Depths:2)
  3 ironbound convokers
  3 phantasmal warriors
  A necromancer (Crypt:3)
  An orc sorcerer (D:15)
  2 ugly things
  An orb spider (Spider:2)
  3 large abominations (Abyss:2)
  2 moths of wrath (Zot:2)
  5 wolf spiders
  A manticore (D:14)
  An elephant (Lair:4)
  5 vault sentinels
  A gargoyle (D:11)
  3 black mambas
  A rust devil (Abyss:2)
  2 cane toads (Lair:3)
  An orange demon (Abyss:2)
  2 komodo dragons (Lair:3)
  3 demonic crawlers
  A freezing wraith (Crypt:3)
  A green draconian skeleton (Crypt:2)
  A jumping spider (Spider:2)
  A tyrant leech (Swamp:1)
  2 trolls
  2 polar bears
  2 slime creatures (D:13)
  A blink frog (Lair:4)
  7 hornets
  A meliai zombie (D:15)
  A flying skull (Crypt:3)
  10 redbacks
  4 spriggans
  5 tarantellas
  A vampire (D:11)
  A small abomination (Abyss:2)
  7 yaks
  A basilisk (Lair:6)
  2 vampire mosquitoes (D:14)
  2 wargs (Orc:2)
  3 swamp worms
  A water moccasin (Lair:3)
  6 orc warriors
  A swamp drake (Swamp:1)
  A necrophage (D:7)
  A boggart (Lair:6)
  3 bullfrogs
  2 scorpions
  2 killer bees (D:8)
  A wight (D:9)
  2 howler monkeys
  A quasit (Abyss:2)
  A jelly (Lair:5)
  2 centaur zombies
  7 orc priests
  A bullfrog skeleton (D:7)
  2 hell rats (Lair:5)
  An iguana (D:5)
  14 orc wizards
  A hound zombie (Crypt:2)
  2 gnolls (D:6)
  2 adders
  14 orcs
  6 kobolds
272 creatures vanquished.

Vanquished Creatures (others)
  A caustic shrike (Depths:5)
  A storm dragon (Zot:2)
  A vault warden (Vaults:5)
  2 ironbound preservers (Vaults:5)
  A very ugly thing (Vaults:5)
  A deep elf demonologist (Vaults:5)
  A jiangshi (Depths:1)
  A centaur warrior (D:14)
  A necromancer (Vaults:2)
  An unseen horror (shapeshifter) (Vaults:5)
  2 yaktaurs
  A jumping spider (Spider:1)
  2 bloated husks
  A spriggan (Swamp:2)
  A human (D:13)
  A swamp drake (Swamp:1)
  An orc wizard (D:13)
  83 hexers
  6 demonic plants (Abyss:2)
  12 foxfires (Swamp:4)
  26 fungi
  A lurking horror (Abyss:2)
  41 plants
  13 starspawn tentacles (Abyss:2)
  4 toadstools (D:1)
  5 withered plants (D:12)
211 creatures vanquished.

Grand Total: 2157 creatures vanquished

Notes
Turn   | Place    | Note
-------+----------+-------------------------------------------
     0 | D:1      | Lochraine the Gargoyle Earth Elementalist began the quest
                  | for the Orb.
     0 | D:1      | Reached XP level 1. HP: 10/10 MP: 3/3
   293 | D:1      | Reached XP level 2. HP: 14/15 MP: 0/5
   631 | D:1      | Reached XP level 3. HP: 17/20 MP: 6/6
   950 | D:1      | Found a faded altar of an unknown god.
  1520 | D:2      | Reached skill level 1 in Transmutations
  1626 | D:2      | Reached XP level 4. HP: 24/24 MP: 4/8
  2052 | D:3      | Found a hazy altar of Hepliaklqana.
  2060 | D:3      | Became a worshipper of Hepliaklqana the Forgotten
  2815 | D:3      | Reached XP level 5. HP: 28/28 MP: 5/9
  3175 | D:3      | Reached skill level 5 in Earth Magic
  3337 | D:3      | Learned a level 3 spell: Stone Arrow
  3394 | D:4      | Reached * piety under Hepliaklqana
  3465 | D:4      | Found Pisel's Jewellery Emporium.
  3774 | D:4      | Noticed a black bear
  4012 | D:4      | Reached skill level 1 in Conjurations
  4012 | D:4      | Reached skill level 1 in Invocations
  4012 | D:4      | Reached XP level 6. HP: 29/29 MP: 8/11
  4428 | D:5      | Entered Level 5 of the Dungeon
  4652 | D:5      | Found a staircase to the Ecumenical Temple.
  4911 | D:5      | Reached ** piety under Hepliaklqana
  4912 | D:5      | Remembered your ancestor Alef as a hexer
  4962 | D:5      | Noticed an ice beast
  4975 | D:5      | Reached XP level 7. HP: 21/33 MP: 3/12
  5718 | D:5      | Found a burning altar of Makhleb.
  5768 | D:6      | Reached XP level 8. HP: 30/37 MP: 6/14
  5961 | D:6      | Noticed Prince Ribbit
  5966 | D:6      | Killed Prince Ribbit
  5967 | D:6      | Reached skill level 5 in Spellcasting
  6254 | D:6      | Noticed a wraith
  6257 | D:6      | Noticed Eustachio
  6271 | D:6      | Killed Eustachio
  6272 | D:6      | Reached skill level 5 in Conjurations
  6272 | D:6      | Reached skill level 5 in Invocations
  6272 | D:6      | Reached XP level 9. HP: 41/41 MP: 10/17
  6414 | D:6      | Found a bloodstained altar of Trog.
  6853 | D:6      | Learned a level 3 spell: Mephitic Cloud
  6973 | D:7      | Reached *** piety under Hepliaklqana
  7025 | D:7      | Reached skill level 1 in Poison Magic
  7100 | D:7      | Found a sacrificial altar of Ru.
  7397 | D:7      | Reached skill level 1 in Air Magic
  7636 | D:7      | Found an iron altar of Okawaru.
  7669 | D:7      | Found a shimmering altar of Xom.
  7782 | D:8      | Noticed a two-headed ogre
  7785 | D:8      | Killed a two-headed ogre
  7786 | D:8      | Reached XP level 10. HP: 45/45 MP: 9/19
  8359 | D:8      | Noticed Harold
  8366 | D:8      | Killed Harold
  9231 | D:9      | Reached **** piety under Hepliaklqana
  9262 | D:8      | Reached skill level 5 in Poison Magic
  9491 | D:9      | Found a staircase to the Orcish Mines.
  9492 | D:9      | Found Megexzy's Armour Shop.
  9896 | D:9      | Bought a +0 buckler for 67 gold pieces
  9983 | D:9      | Reached skill level 1 in Fighting
  9983 | D:9      | Reached skill level 1 in Armour
  9983 | D:9      | Reached skill level 1 in Shields
 10376 | D:9      | Reached skill level 2 in Armour
 10383 | D:9      | Reached XP level 11. HP: 46/53 MP: 5/20
 10388 | D:9      | Reached skill level 3 in Armour
 10646 | D:10     | Entered Level 10 of the Dungeon
 10719 | D:10     | Identified a scroll of acquirement
 10719 | D:10     | Acquired a +2 helmet of see invisible
 10820 | D:10     | Reached skill level 4 in Armour
 10919 | D:10     | Found an opulent altar of Gozag.
 11324 | D:10     | Noticed a two-headed ogre
 11329 | D:10     | Killed a two-headed ogre
 11330 | D:10     | Reached skill level 5 in Fighting
 11341 | D:10     | Reached skill level 5 in Armour
 12002 | D:11     | Noticed an oklob plant
 12019 | D:11     | Found a staircase to the Lair.
 12125 | D:11     | Found a runed translucent door.
 12125 | D:11     | Found a runed translucent door.
 12127 | D:11     | Noticed a skeletal warrior
 12127 | D:11     | Noticed a skeletal warrior
 12129 | D:11     | Noticed a hell knight
 12129 | D:11     | Noticed a +1 scimitar of holy wrath
 12129 | D:11     | Noticed a skeletal warrior
 12130 | D:11     | Noticed a boulder beetle
 12130 | D:11     | Noticed a necromancer
 12130 | D:11     | Noticed a lich
 12131 | D:11     | Noticed Skimidon's ghost (journeyman GrFi)
 12176 | D:11     | Noticed a two-headed ogre
 12182 | D:11     | Killed a two-headed ogre
 12427 | D:11     | Noticed an eight-headed hydra
 12686 | D:11     | Identified the +12 scimitar of the Sky {vamp, Stlth+}
 12703 | D:11     | Noticed a two-headed ogre
 12710 | D:11     | Killed a two-headed ogre
 12711 | D:11     | Reached skill level 1 in Long Blades
 13090 | D:11     | Killed an oklob plant
 13100 | Lair:1   | Entered Level 1 of the Lair of Beasts
 13284 | Lair:1   | Found an opulent altar of Gozag.
 13297 | Lair:1   | Reached XP level 12. HP: 37/62 MP: 21/21
 13695 | Lair:1   | Reached skill level 6 in Armour
 13781 | Lair:1   | Reached ***** piety under Hepliaklqana
 13958 | Lair:1   | Noticed Erica
 13966 | Lair:1   | Killed Erica
 14238 | Lair:2   | Identified the +1 pair of gloves of the New World {rC+
                  | rCorr Dex+2}
 14425 | Lair:2   | Found a hole to the Spider Nest.
 14473 | Lair:2   | Noticed a boulder beetle
 14676 | Lair:3   | Noticed Gastronok
 14957 | Lair:3   | Reached skill level 5 in Long Blades
 15183 | Lair:3   | Reached skill level 5 in Shields
 15208 | Lair:3   | Reached skill level 7 in Armour
 15305 | Lair:3   | Killed Gastronok
 15389 | Lair:3   | Reached XP level 13. HP: 56/68 MP: 22/22
 16258 | Lair:4   | Reached skill level 8 in Armour
 16463 | Lair:4   | Found a staircase to the Swamp.
 17212 | Lair:5   | Reached ****** piety under Hepliaklqana
 17237 | Lair:5   | Reached skill level 5 in Dodging
 17510 | Lair:5   | Found a staircase to the Slime Pits.
 17534 | Lair:5   | Gained mutation: Your large and strong wings let you fly.
                  | [Gargoyle growth]
 17534 | Lair:5   | Reached XP level 14. HP: 77/77 MP: 23/23
 18097 | Lair:6   | Entered Level 6 of the Lair of Beasts
 18509 | Lair:6   | Reached skill level 10 in Long Blades
 18604 | Lair:6   | Reached skill level 10 in Fighting
 18611 | Lair:6   | Acquired 666 gold pieces
 19195 | Orc:1    | Entered Level 1 of the Orcish Mines
 19198 | Orc:1    | Found Beunenat's Weapon Emporium.
 19467 | Orc:2    | Entered Level 2 of the Orcish Mines
 19943 | Orc:2    | Noticed an orc warlord
 19974 | Orc:2    | Killed an orc warlord
 19975 | Orc:2    | Reached XP level 15. HP: 83/83 MP: 7/24
 20226 | Orc:2    | Found Joiliupp's Antique Armour Emporium.
 20226 | Orc:2    | Found Vugourph's Book Shoppe.
 20227 | Orc:2    | Found Samey's Assorted Antiques.
 20231 | Orc:2    | Found Wubulun's Weapon Emporium.
 20234 | Orc:2    | Bought a slimy scale mail for 198 gold pieces
 20234 | Orc:2    | Identified the +0 scale mail of Qunuaf {+Inv Dex+4} (You
                  | bought it in a shop on level 2 of the Orcish Mines)
 20234 | Orc:2    | Bought a steaming ring mail for 198 gold pieces
 20234 | Orc:2    | Identified the +5 ring mail of Ciyt {rCorr} (You bought it
                  | in a shop on level 2 of the Orcish Mines)
 20441 | Orc:2    | Found a staircase to the Elven Halls.
 20552 | D:12     | Noticed Rupert
 20554 | D:12     | Paralysed by Rupert for 4 turns
 20597 | D:12     | Noticed Erolcha
 20904 | D:12     | Killed Erolcha
 20998 | D:12     | Found a runed translucent gate.
 20998 | D:12     | Found a runed translucent gate.
 20998 | D:12     | Found a runed translucent gate.
 20998 | D:12     | Noticed EnegeticOcto's ghost (journeyman MiFi)
 20999 | D:12     | Noticed Yklotitu's ghost (journeyman CeHu)
 21289 | D:13     | Reached skill level 10 in Shields
 21612 | D:13     | Noticed Sonja
 21617 | D:13     | Killed Sonja
 21780 | D:13     | Noticed Kirke
 21782 | D:13     | Found a gate to the Vaults.
 21851 | D:13     | Killed Kirke
 22676 | D:14     | Noticed Snorg
 22677 | D:14     | Found a stormy altar of Qazlal.
 22682 | D:14     | Killed Snorg
 22741 | D:14     | Noticed Louise
 22743 | D:14     | Cast into level 2 of the Abyss (Louise)
 22837 | Abyss:2  | Noticed a tentacled starspawn
 22904 | Abyss:2  | Noticed a tentacled starspawn
 22910 | Abyss:2  | Killed a tentacled starspawn
 23035 | D:14     | Escaped the Abyss
 23049 | D:14     | Killed Louise
 23096 | D:14     | Acquired a scarf of repulsion
 23209 | D:14     | Identified Roxanne's Tome of Stones
 23209 | D:14     | Noticed Roxanne
 23241 | D:14     | Reached XP level 16. HP: 90/90 MP: 20/20
 23510 | D:15     | Entered Level 15 of the Dungeon
 23570 | D:15     | Cast into level 2 of the Abyss (a wizard)
 23660 | Abyss:2  | Noticed a tentacled starspawn
 23663 | Abyss:2  | Found a corrupted altar of Lugonu.
 23762 | Abyss:2  | Identified the +1 chain mail of the Fletcher {rElec Str+4}
 23987 | D:15     | Escaped the Abyss
 24066 | D:15     | Found Gozag's Platinum Reserve.
 24068 | D:15     | Found an opulent altar of Gozag.
 24177 | D:15     | Found a staircase to the Depths.
 24522 | D:15     | Found Pouwneba's Book Boutique.
 24941 | Swamp:1  | Entered Level 1 of the Swamp
 25563 | Swamp:2  | HP: 4/92 [shambling mangrove (22)]
 25904 | Swamp:2  | Reached skill level 15 in Shields
 26431 | Swamp:3  | Reached skill level 9 in Armour
 26488 | Swamp:3  | Reached XP level 17. HP: 97/98 MP: 26/26
 26523 | Swamp:4  | Entered Level 4 of the Swamp
 26738 | Swamp:4  | Identified the +1 great sword of Ziekliq {elec, Drain rElec
                  | rC+ rN+}
 27090 | Swamp:4  | Noticed the 27-headed Lernaean hydra
 27102 | Swamp:4  | Killed the 27-headed Lernaean hydra
 27143 | Swamp:4  | Reached skill level 10 in Armour
 27466 | Swamp:4  | Got a decaying rune of Zot
 27828 | Spider:1 | Entered Level 1 of the Spider Nest
 27988 | Lair:2   | Learned a level 3 spell: Swiftness
 28391 | Spider:1 | Reached skill level 11 in Armour
 28547 | Spider:1 | Learned a level 5 spell: Bolt of Magma
 28657 | Spider:2 | Reached skill level 1 in Fire Magic
 29150 | Spider:2 | Reached XP level 18. HP: 105/105 MP: 28/28
 29920 | Spider:4 | Entered Level 4 of the Spider Nest
 29937 | Spider:4 | Reached skill level 10 in Earth Magic
 30006 | Spider:4 | Found a transporter.
 30216 | Spider:4 | Reached skill level 10 in Conjurations
 30423 | Spider:4 | Noticed Arachne
 30442 | Spider:4 | Identified the +6 fustibalus of Calamity {venom, Contam
                  | rCorr SInv}
 30446 | Spider:4 | Noticed Beorghan's ghost (adept MiBe)
 30550 | Spider:4 | Found a transporter.
 31380 | Spider:4 | Got a gossamer rune of Zot
 31614 | D:11     | Killed a lich
 31623 | D:11     | Reached skill level 5 in Fire Magic
 31657 | D:11     | Killed Skimidon's ghost
 31896 | D:12     | Killed EnegeticOcto's ghost
 31904 | D:12     | Killed Yklotitu's ghost
 31975 | D:12     | Killed Rupert
 32265 | Vaults:1 | Entered Level 1 of the Vaults
 32385 | Vaults:1 | Found Lakilomyne's Magic Scroll Boutique.
 32393 | Vaults:1 | Bought a scroll of teleportation for 39 gold pieces
 32594 | Vaults:1 | Reached XP level 19. HP: 96/109 MP: 31/31
 32672 | Vaults:1 | Noticed Saint Roka
 32699 | Vaults:1 | Killed Saint Roka
 32871 | Vaults:1 | Paralysed by a sphinx for 6 turns
 33654 | Vaults:2 | Found a staircase to the Crypt.
 33859 | Vaults:2 | You are sucked into a shaft and drop 1 floor!
 33890 | Vaults:3 | You are sucked into a shaft and drop 1 floor!
 34087 | Vaults:3 | Cast into level 2 of the Abyss (a wizard)
 34174 | Abyss:2  | Reached skill level 15 in Fighting
 34235 | Abyss:2  | Found a burning altar of Makhleb.
 34330 | Vaults:3 | Escaped the Abyss
 34653 | Vaults:3 | Reached skill level 12 in Armour
 34678 | Vaults:3 | Reached skill level 15 in Long Blades
 34988 | Vaults:3 | Reached XP level 20. HP: 117/117 MP: 33/33
 35320 | Vaults:3 | Identified the ring "Upaod" {rPois Will+++ Int+2 Dex+2
                  | Stlth-}
 35499 | Vaults:3 | Noticed Jory
 35532 | Vaults:3 | Killed Jory
 36277 | Vaults:4 | Found a transporter.
 36283 | Vaults:4 | Found a transporter.
 36926 | Vaults:4 | Found Wacziyh's Jewellery Shoppe.
 37190 | Crypt:1  | Entered Level 1 of the Crypt
 37793 | Crypt:1  | Found an ancient bone altar of Kikubaaqudgha.
 38469 | Crypt:2  | Noticed Xtahua
 38480 | Crypt:2  | Paralysed by Xtahua for 6 turns
 38493 | Crypt:2  | Killed Xtahua
 38750 | Crypt:1  | Reached XP level 21. HP: 115/122 MP: 34/34
 39207 | Crypt:2  | Reached skill level 13 in Armour
 39841 | Crypt:2  | Identified the +3 hand crossbow of Perversion {penet, rN++
                  | Int+6}
 39908 | Crypt:3  | Entered Level 3 of the Crypt
 40156 | Crypt:3  | Found the -2 hat of the Alchemist {rElec rPois rF+ rC+ rN+
                  | Will+ rMut rCorr}
 40156 | Crypt:3  | Found an ancient bone altar of Kikubaaqudgha.
 40229 | Crypt:3  | Reached skill level 1 in Evocations
 40604 | Crypt:3  | Identified the ring "Pizurph" {rN+ Will++ Int+6 Dex-4}
 40604 | Crypt:3  | Identified the ring "Ikacieh" {rN+ Int+6}
 40677 | Crypt:3  | Noticed a bone dragon
 40915 | Crypt:3  | Noticed an ancient lich
 40938 | Crypt:3  | Killed an ancient lich
 41209 | Crypt:3  | Found a staircase to the Tomb.
 41459 | Crypt:3  | Noticed a profane servitor
 41468 | Crypt:3  | Killed a profane servitor
 41585 | Crypt:3  | Identified the +7 rapier of the Shimmering Bear {antimagic,
                  | rElec}
 41734 | Crypt:3  | Killed a bone dragon
 41871 | Crypt:3  | Identified the +9 halberd of Pride {venom, Fragile rPois
                  | rF++ rN+}
 42071 | Crypt:3  | Reached XP level 22. HP: 112/129 MP: 35/35
 42540 | Depths:1 | Entered Level 1 of the Depths
 42549 | Depths:1 | Reached skill level 14 in Armour
 42959 | Depths:1 | Found a one-way gate to the infinite horrors of the Abyss.
 42966 | Depths:1 | Found a gateway to Hell.
 43134 | Depths:1 | Found a broken altar of Ashenzari.
 43598 | Depths:1 | Found Nejuost's Jewellery Shoppe.
 43598 | Depths:1 | Found Nakhli's Book Shop.
 43599 | Depths:1 | Found Seimot's Book Shop.
 43635 | Depths:1 | Found a one-way gate leading to the halls of Pandemonium.
 43768 | Depths:2 | Noticed Bai Suzhen
 43823 | Depths:1 | Killed Bai Suzhen
 44303 | Depths:2 | Found a radiant altar of Vehumet.
 44467 | Depths:2 | Reached skill level 15 in Armour
 44495 | Depths:2 | Noticed a golden dragon
 44506 | Depths:2 | Killed a golden dragon
 44625 | Depths:2 | Found a large runed translucent door.
 44625 | Depths:2 | Found a large runed translucent door.
 44626 | Depths:2 | Noticed ABBCCCDDDD's ghost (adept DsGl)
 44643 | Depths:2 | Found a runed translucent door.
 45407 | Depths:2 | Killed ABBCCCDDDD's ghost
 45581 | Depths:2 | Identified the ring "Ubrenib" {rC+ rCorr Str-5 Stlth+}
 45583 | Depths:2 | Identified the +2 ring mail of Benevolence {Regen+ MP+9
                  | Dex+6}
 45608 | Depths:2 | Identified the +7 trident of the Pit {spect, Int+2 Stlth+}
 45730 | Depths:3 | Found Doffozuw's Armour Shop.
 45798 | Depths:3 | Found a gateway to a ziggurat.
 45886 | Depths:3 | Reached XP level 23. HP: 136/136 MP: 36/36
 46147 | Depths:3 | Reached skill level 16 in Armour
 46462 | Depths:3 | Noticed a golden dragon
 46486 | Depths:3 | Got Ovionka's Disquisition on Shifting Snow
 46630 | Depths:3 | Killed a golden dragon
 47353 | Depths:4 | Reached skill level 17 in Armour
 47445 | Depths:4 | Noticed a juggernaut
 47501 | Depths:4 | Killed a juggernaut
 47665 | Depths:4 | Noticed the Enchantress
 47920 | Depths:4 | Killed the Enchantress
 48457 | Depths:5 | Entered Level 5 of the Depths
 48457 | Depths:5 | Noticed a caustic shrike
 48459 | Depths:5 | Noticed a caustic shrike
 48459 | Depths:5 | Noticed a caustic shrike
 48459 | Depths:5 | Noticed a caustic shrike
 48486 | Depths:4 | Killed a caustic shrike
 48599 | Depths:5 | Noticed a caustic shrike
 48606 | Depths:5 | Noticed a juggernaut
 48609 | Depths:5 | Killed a caustic shrike
 48678 | Depths:5 | Killed a juggernaut
 48679 | Depths:5 | Reached skill level 18 in Armour
 48692 | Depths:5 | Reached XP level 24. HP: 141/144 MP: 26/36
 49093 | Depths:5 | Found a radiant altar of Vehumet.
 49093 | Depths:5 | Found a stormy altar of Qazlal.
 49094 | Depths:5 | Found a stormy altar of Qazlal.
 49344 | Depths:5 | Found a gate to the Realm of Zot.
 49515 | Depths:5 | Noticed a caustic shrike
 49535 | Depths:5 | Killed a caustic shrike
 49546 | Depths:5 | Noticed a caustic shrike
 49562 | Depths:5 | Killed a caustic shrike
 49577 | Depths:5 | Reached skill level 19 in Armour
 49791 | Depths:5 | Identified the +6 great sword of the Radish {elec, rC++
                  | rCorr}
 49793 | Depths:5 | Paralysed by a floating eye for 4 turns
 49800 | Depths:5 | Paralysed by a floating eye for 2 turns
 49814 | Depths:5 | Paralysed by a floating eye for 3 turns
 50095 | Depths:5 | Paralysed by a floating eye for 2 turns
 50309 | Depths:5 | Reached skill level 5 in Evocations
 50330 | Depths:5 | Noticed a caustic shrike
 50353 | Depths:5 | Killed a caustic shrike
 50394 | Depths:5 | Reached skill level 10 in Invocations
 50425 | Depths:5 | Noticed a caustic shrike
 50465 | Depths:5 | Killed a caustic shrike
 50572 | Depths:5 | Noticed a juggernaut
 50589 | Depths:5 | Killed a juggernaut
 50590 | Depths:5 | Reached XP level 25. HP: 141/151 MP: 28/36
 50657 | Depths:5 | Identified the +0 scale mail of Curiosity {rElec}
 50663 | Depths:5 | Identified the +4 halberd "Killer Bee's Peril" {flame,
                  | Str+2}
 50671 | Depths:5 | Got the Almanac of the Escort and Sinister Magic
 51233 | Vaults:5 | Entered Level 5 of the Vaults
 51319 | Vaults:5 | Reached skill level 20 in Armour
 51336 | Vaults:5 | Noticed an ancient lich
 51626 | Vaults:5 | Killed an ancient lich
 51868 | Vaults:5 | Identified the +7 hand axe of Victory {flame, rC++ Str+3}
 51989 | Vaults:5 | Identified the +10 falchion of Circular Logic {spect, rF+++
                  | Str+3 Int-2 Dex+6}
 52011 | Vaults:5 | Got the Incunabulum of Companions and Confrontation
 52015 | Vaults:5 | Got the Papyrus of Envenoming and Flames
 52019 | Vaults:5 | Got a silver rune of Zot
 52020 | Vaults:5 | Identified the +2 leather armour of Hadjma {Will+}
 52099 | Vaults:5 | Identified the ring of Vosuluf {rN+ Will+ rCorr Int+3
                  | Dex-2}
 52285 | Vaults:5 | Reached skill level 21 in Armour
 52287 | Vaults:5 | Identified the +0 cloak of Parts Unknown {rPois rN+ Will+
                  | Int-4 Stlth+}
 52888 | Zot:1    | Entered Level 1 of the Realm of Zot
 52999 | Zot:1    | Acquired the amulet "Caykim" {Faith rPois Str+7 Dex-2
                  | Stlth+}
 53110 | Zot:2    | Reached XP level 26. HP: 143/158 MP: 7/36
 53470 | Zot:3    | Noticed a Killer Klown
 53839 | Zot:3    | Reached skill level 22 in Armour
 54231 | Zot:4    | Killed a Killer Klown
 54569 | Zot:4    | Reached skill level 10 in Evocations
 54717 | Zot:5    | Entered Level 5 of the Realm of Zot
 55074 | Zot:5    | Reached XP level 27. HP: 134/164 MP: 2/36
 55281 | Zot:5    | Noticed an orb of fire
 55303 | Zot:5    | Killed from afar by a quicksilver dragon

Illustrated notes

Levels and vault maps discovered:
D:1:      ldierk_water_garden, layout_basic, ebering_ecumenical_altar_hall,
          chequers_serial_rivers_small_3, chequers_serial_rivers_large_a,
          chequers_serial_rivers_micro_b, minmay_tromino_mix6
D:2:      layout_rooms, st_stairs_8
D:3:      layout_basic, lemuel_round_altar
D:4:      layout_basic, serial_shops, shop, st_stairs_13,
          minmay_misc_feat_cross, kennysheep_cross_bottleneck,
          grunt_decor_fettered
D:5:      layout_basic, lightli_temple_of_fire, minmay_temple_entry_glass
D:6:      layout_rooms, mainiacjoe_overflow_24_doors, kennysheep_generic_room_3,
          uniq_prince_ribbit1, uniq_eustachio
D:7:      layout_loops_ring, mainiacjoe_overflow_alcove_2,
          mainiacjoe_overflow_two_lobes, chequers_serial_rivers_micro_b
D:8:      layout_cave_pods, serial_park, serial_park_square1
          [serial_park_minivault_5x5_8], serial_park_tiny_1, serial_park_paths
          [serial_park_minivault_5x5_6], uniq_harold
D:9:      layout_rooms, orc_david_3, amcnicky_mini_pool_small,
          lemuel_flamethrower_1
D:10:     layout_roguey, amcnicky_altar_gilded
D:11:     layout_gridville, dpeg_oklobed_lair, muffindrake_ghost_dual_entry
D:12:     layout_rooms, gammafunk_ghost_cemetery, minmay_fire_ice_demons,
          uniq_rupert, uniq_erolcha
D:13:     layout_basic, skrybe_vaults_entry_preservation, serial_bayou,
          serial_bayou_lagoon_a, serial_bayou_shore_b, serial_bayou_lake_a,
          serial_bayou_crossing, uniq_sonja, uniq_kirke
D:14:     layout_cave_pools, grunt_qazlal_clouds, chequers_decorated_corner,
          uniq_roxanne, uniq_snorg, uniq_louise
D:15:     grunt_enter_depths_magical_seal, layout_basic,
          nicolae_gozag_zags_fifth_avenue, serial_shops, shop,
          minmay_misc_feat_secret_circle, patterned_corridor
Lair:1:   layout_hall_layers, basic_altar, uniq_erica
Lair:2:   layout_misc_corridors, spider_nest_entry_webs, lemuel_old_faithful,
          infiniplex_staircase_pool_2
Lair:3:   layout_gridlike, uniq_gastronok
Lair:4:   layout_gridlike, palyth_hydra_swamp_entry, beast_lair_carwin_2
Lair:5:   layout_cave_pods, minmay_slime_entry_jelly_boxes
Lair:6:   minmay_lair_end_enchanted_forest, layout_misc_corridors
Swamp:1:  layout_falls_marsh, evilmike_swamp_ruin_house_3
Swamp:2:  layout_basic_swamp, evilmike_swamp_ruin_house_6
Swamp:3:  layout_basic_swamp, evilmike_swamp_ruin_house_4
Swamp:4:  swamp_old_school, layout_basic_swamp
Spider:1: layout_spider_delve
Spider:2: layout_spider_delve, nicolae_spider_paper_wasps
Spider:3: layout_spider_delve, nicolae_spider_cling_halls
Spider:4: spider_rune_water, nzn_ghost_randoct, guppyfry_hornet_nest
Orc:1:    layout_diamond_mine, serial_shops, shop, basic_altar
Orc:2:    st_orc_mages, layout_caves
Vaults:1: ontoclasm_vaults_misaligned, hangedman_vaults_trim,
          ontoclasm_vaults_fault, vaults_dpeg_ring, v_misc_12,
          vaults_room_stairs_pillars, nicolae_vaults_mini_display_case,
          layout_vaults_quadrants, serial_shops, nicolae_shop_waterfront,
          uniq_saint_roka
Vaults:2: v_misc_8, nicolae_vaults_disjoint_gnomons, v_misc_13, v_misc_29,
          v_misc_23, v_misc_24, nicolae_vaults_theta, v_misc_2,
          minmay_crypt_entry_simple_sparse, v_misc_8, v_misc_17,
          hangedman_vaults_stream, ontoclasm_vaults_twist,
          nicolae_vaults_gold_heap, sword_in_stone, layout_vaults_omnibox
Vaults:3: vaults_dpeg_spiral, v_rooms_5, vaults_mumra_minichess,
          hangedman_vaults_snaps, ontoclasm_vaults_ring_small, v_misc_29,
          ontoclasm_vaults_eye, vaults_mumra_hex, vaults_mumra_chevron,
          ontoclasm_vaults_ring_square, ontoclasm_vaults_decontamination,
          layout_vaults_maze_snakey, uniq_jory
Vaults:4: vaults_room_fours, emtedronai_trogs_sanctum, vaults_room_grid,
          ontoclasm_vaults_tryst, v_misc_32, vaults_room_pool,
          nicolae_vaults_three_branches, grunt_vaults_hallway_short,
          nicolae_vaults_shelves_hall, v_misc_27, layout_vaults_chaotic_city,
          serial_shops, shop
Vaults:5
Crypt:1:  layout_misc_corridors, basic_altar, grunt_crypt_arrival_guarded_gate
Crypt:2:  layout_gridlike, hangedman_batty, uniq_xtahua
Crypt:3:  grunt_crypt_end_deaths_head
Depths:1: layout_honeycomb, rand_demon_pan_entry_1, minmay_holes, abyss_entry,
          hell_entry, evilmike_ruin_ashenzari, minmay_shop_grove
Depths:2: minmay_slanted_spiral_squares, layout_cave_shapes,
          ebering_ghost_disaster_area, hell_entry, abyss_entry,
          nicolae_vehumet_altar_sigil, minmay_crystal_box,
          infiniplex_staircase_door_maze, uniq_bai_suzhen
Depths:3: minmay_tile_spiral, layout_gridville, enter_ziggurat_d,
          hangedman_decor_points, rand_demon_pan_entry_9, hell_entry,
          serial_shops, shop
Depths:4: minmay_crescents, layout_small_grid, pan_entry,
          grunt_decor_resistance, hangedman_geh_valley,
          abyss_entry_small_statue_room, minmay_staircase_statues,
          uniq_enchantress
Depths:5: hangedman_slaughterboxes, hell_entry, serial_shops
Zot:1:    layout_cathedral_of_symmetry, grunt_megastairs_2
Zot:2:    kennysheep_room_grid, layout_basic, st_stairs_11
Zot:3:    lemuel_draconian_sentries, layout_gridlike, bh_zot_levy_curve
Zot:4:    layout_cellular_growth, grunt_ministairs_10
Zot:5:    layout_basic, lemuel_baited_zot_trap

Skill      XL: |  1  2  3  4  5  6  7  8  9 10 11 12 13 14 15 16 17 18 19 20 21 22 23 24 25 26 |
---------------+-------------------------------------------------------------------------------+-----
Earth Magic    | 4 5 6 7 8 9 11 12 13 | 13.0
Transmutations | 1 2 |  2.0
Spellcasting   | 3 4 5 6 7 8 9 |  9.8
Conjurations   | 1 2 3 5 7 8 9 11 12 | 12.5
Invocations    | 1 2 3 5 6 7 8 9 10 12 | 12.0
Poison Magic   | 3 5 |  5.4
Air Magic      | 2 4 |  4.4
Fighting       | 2 5 7 9 10 11 13 14 15 16 17 18 19 20 21 | 21.5
Armour         | 2 5 7 8 9 11 12 13 15 18 19 21 22 | 22.9
Shields        | 2 4 5 7 9 13 15 | 15.0
Long Blades    | 2 6 8 10 11 13 15 16 17 18 19 | 19.3
Dodging        | 3 5 6 7 8 |  8.7
Fire Magic     | 2 5 7 8 |  8.4
Evocations     | 3 5 8 10 | 10.4
Short Blades   | |  0.2
Stealth        | |  2.6

Action                   |  1- 3 |  4- 6 |  7- 9 | 10-12 | 13-15 | 16-18 | 19-21 | 22-24 | 25-27 || total
-------------------------+-------+-------+-------+-------+-------+-------+-------+-------+-------++-------
Melee: Short sword       |    98 |    89 |       |       |       |       |       |       |       ||   187
       Unarmed           |     5 |       |       |       |       |       |       |       |       ||     5
       Dagger            |       |     4 |    99 |   207 |       |       |       |       |       ||   310
       Scimitar          |       |       |       |   136 |  1128 |  1525 |  2124 |  1860 |  1522 ||  8295
       Rapier            |       |       |       |       |       |       |    13 |    71 |    29 ||   113
Throw: Throwing net      |       |       |       |     1 |       |       |     1 |       |       ||     2
 Cast: Sandblast         |    23 |    66 |    66 |    93 |     2 |     1 |       |       |       ||   251
       Stone Arrow       |       |       |    15 |    64 |    91 |   117 |     2 |       |     1 ||   290
       Mephitic Cloud    |       |       |       |     2 |    17 |     4 |     8 |     2 |     6 ||    39
       Bolt of Magma     |       |       |       |       |       |     5 |    75 |    58 |     9 ||   147
Invok: Recall Ancestor   |       |     1 |       |     3 |     4 |     6 |     4 |     1 |     5 ||    24
       Ancestor Identity |       |     1 |       |       |       |       |       |       |       ||     1
       Ancestor Life: He |       |     1 |       |       |       |       |       |       |       ||     1
       Idealise          |       |       |       |       |     2 |       |       |     1 |     1 ||     4
Evoke: Wand              |       |       |       |     3 |     1 |     6 |       |       |    24 ||    34
       Phantom mirror    |       |       |       |       |     1 |     1 |     1 |     1 |     2 ||     6
  Use: Scroll            |       |       |     8 |    14 |    14 |     9 |     8 |     3 |    14 ||    70
       Potion            |       |       |       |     1 |     5 |     3 |     5 |     2 |    11 ||    27
 Stab: Sleeping          |     4 |     2 |     3 |     5 |    11 |    10 |     3 |     3 |       ||    41
       Confused          |       |       |     5 |    13 |    15 |    15 |    59 |    33 |    21 ||   161
       Distracted        |       |       |     3 |     3 |     9 |    16 |    28 |     8 |     7 ||    74
       Paralysed         |       |       |       |       |    16 |    61 |    62 |    79 |    44 ||   262
       Held in net/web   |       |       |       |       |       |     7 |       |       |       ||     7
       Invisible         |       |       |       |       |       |       |       |       |     5 ||     5
Armor: Robe              |    32 |    45 |     1 |       |       |       |       |       |       ||    78
       Steam dragon scal |       |       |    46 |   172 |   258 |       |       |       |       ||   476
       Troll leather arm |       |       |       |       |    49 |       |       |       |       ||    49
       Ring mail         |       |       |       |       |   164 |   816 |   813 |   187 |       ||  1980
       Storm dragon scal |       |       |       |       |       |       |       |   119 |       ||   119
       Gold dragon scale |       |       |       |       |       |       |       |   628 |  1072 ||  1700
Dodge: Dodged            |    71 |    50 |    76 |   291 |   820 |  1080 |   796 |   457 |   373 ||  4014
       Repelled          |       |       |       |       |       |     8 |     3 |    11 |    17 ||    39
Block: Buckler           |       |       |       |    74 |   225 |       |       |       |       ||   299
       Kite shield       |       |       |       |       |   202 |  1158 |  1429 |  1047 |   944 ||  4780
       Rpst.: Scimitar   |       |       |       |    33 |   203 |   186 |   150 |    92 |    64 ||   728
